AoeStats
← Josmarpi

Four Lakes

509647776Analyzed
1v1 RM · 5d ago on Sep 27, 2026· 22m 37s· 2 players
Game mode
Random Map
Map size
Tiny (2 player)
Population
200
Speed
Normal
Resources
Standard
Victory
Conquest
Starting age
Dark Age
Ending age
Imperial Age
RankedLock teamsTeams togetherTeam positionsShared explorationLock speedFull tech treeHidden civsTurbo modeCheats
Victory
Defeat
🇻🇪 Saxons · Venezuela
464
+17
🇬🇧 Celts · United Kingdom
493
-17
Josmarpi
14:08 Feudal Age
12:24 Loom
14:14 Man-at-Arms
16:06 Wheelbarrow
18:42 Arson
23:11 Scale Mail Armor
Nald Bonce
11:16 Feudal Age
11:57 Double-Bit Axe
13:21 Gold Mining
14:50 Wheelbarrow
17:27 Horse Collar
18:00 Loom
Connection lost

Rejoining the realm…

Still unreachable

The connection could not be restored.

Session expired

The server has moved on; the page needs a fresh start.